[Event "American Cup Women Elimination 2024"]
[Site "Saint Louis"]
[Date "2024.03.16"]
[Round "2.2"]
[White "Tang, Zoey"]
[Black "Tokhirjonova, Gulrukhbegim"]
[Result "0-1"]
[ECO "D46"]
[WhiteElo "2253"]
[BlackElo "2365"]
[Annotator "TA"]
[PlyCount "70"]
[EventDate "2024.03.11"]
[EventType "k.o."]
[EventCountry "USA"]
[SourceTitle "playchess.com"]
[Source "ChessBase"]
[SourceQuality "1"]
[TimeControl "1500+10"]

1. d4 Nf6 2. c4 e6 3. Nf3 d5 4. Nc3 c6 5. e3 Nbd7 6. Qc2 Bd6 7. Bd3 dxc4 8. Bxc4 O-O 9. O-O e5 10. h3 Qe7 11. e4 b5 12. Bd3 a6 13. Ne2 {[%emt 0:01:09] The position is equal.} c5 14. Ng3 g6 {[%emt 0:01:04] Repels Nf5} (14... cxd4 $2 15. Nf5 Qd8 (15... Qe6 $2 16. Ng5 $18) 16. Nxd6 $18) 15. Bh6 (15. d5 $1 $14 {stays ahead.}) 15... exd4 (15... cxd4 $1 $17 {aiming for ...Re8.} 16. a4 Rd8 17. axb5 a5) 16. Bxf8 Qxf8 17. b3 Bb7 18. Rae1 Re8 19. Qc1 Bb8 20. a4 $1 Bxg3 21. fxg3 Bxe4 22. Qb1 {[%emt 0:01:07] [#]} (22. Bxe4 $11 {keeps the balance.} Nxe4 23. Qf4) 22... Bxf3 $1 $17 23. Rxf3 Rxe1+ 24. Qxe1 bxa4 25. bxa4 Qd6 26. Qf1 {[%emt 0:00:16] [#]} Kg7 $1 {[%emt 0:00:45] Threatens to win with ...Ne5.} (26... a5 $6 27. Bb5 $11) 27. Bxa6 {[%emt 0:00:50] a5 would now be deadly.} Ne5 28. Rf4 (28. Bc4 $17 Nxf3+ 29. Qxf3) 28... d3 (28... Nh5 $19 29. Bb5 d3 (29... Nxg3 30. Qf2 $17) (29... Nxf4 30. gxf4 Nc6 31. Qe1 $17) 30. Bxd3 Nxf4 31. Qxf4 c4) 29. Bb5 (29. Rxf6 $17 {was called for.} Qxf6 30. Bxd3) 29... Nh5 $2 (29... d2 $19 30. Be2 g5 (30... c4 31. Qa1 $17) 31. Rxf6 Qxf6) 30. Qa1 {[%emt 0:00:22][%mdl 8192] Loses the game.} f6 $19 ({Stronger than} 30... Nxg3 31. Bxd3 f6 32. Bf1 $15) 31. Rf1 Nxg3 32. Rd1 {[%emt 0:00:02] White is weak on the dark squares} c4 {[%emt 0:00:11] ( -> ...Ne2+)} 33. Qb2 Ne2+ {[%emt 0:00:27] A dynamic duo of knights.} 34. Kf2 Qc5+ 35. Kf1 Qg1# {[%emt 0:00:02] Weighted Error Value: White=1.10/Black=0.24 (precise) .  Loses game:     	White=1     	---        Mistake:       	White=4     	Black=3      Inaccurate:     	White=3     	Black=2      OK:         	White=5     	Black=6      Best:        	---       	Black=4      Strong:       	White=1     	Black=2} 0-1

[Event "American Cup Women Elimination 2024"]
[Site "Saint Louis"]
[Date "2024.03.16"]
[Round "2.3"]
[White "Yu, Jennifer"]
[Black "Paikidze, Nazi"]
[Result "1-0"]
[ECO "D38"]
[WhiteElo "2279"]
[BlackElo "2319"]
[Annotator "TA"]
[PlyCount "65"]
[EventDate "2024.03.11"]
[EventType "k.o."]
[EventCountry "USA"]
[SourceTitle "playchess.com"]
[Source "ChessBase"]
[SourceQuality "1"]
[TimeControl "1500+10"]

1. d4 Nf6 2. c4 e6 3. Nf3 Bb4+ 4. Nc3 d5 5. Bg5 h6 6. Bxf6 Qxf6 7. Qb3 Nc6 8. cxd5 exd5 9. e3 O-O (9... Bxc3+ $14 10. bxc3 Qf5) 10. Bb5 ({Better is} 10. Qxd5 $16 Qg6 11. Qc4) 10... Bg4 $11 11. Bxc6 Bxc3+ {[%emt 0:00:06] The position is equal.} 12. bxc3 bxc6 13. Ne5 Bf5 14. Qb7 Rab8 15. Qxc6 Rb2 16. O-O (16. Qxd5 $2 Be4 17. Ng4 Qa6 (17... Bxd5 $2 18. Nxf6+ gxf6 19. O-O $19) 18. Nxh6+ gxh6 $19) 16... Qxc6 17. Nxc6 {[%emt 0:00:02] [#] Strongly threatening Ne7+.} Be4 (17... Re8 $14) 18. f3 $16 (18. Nxa7 Rb6 19. f3 Bg6 $17) 18... Bd3 19. Rf2 Rb5 20. a4 $36 {[%emt 0:00:52][%mdl 2048] White is on the roll.} (20. Nxa7 $2 Rb6 21. a4 c6 $19) 20... Rb3 21. Ne7+ (21. Nxa7 Rfb8 22. Nb5 c6 $17) 21... Kh7 22. Nxd5 {[%emt 0:00:04][%cal Of2d2] Rd2! would now be deadly.} Rfb8 {[%emt 0:00:20] Loses the game.} (22... c6 $16 23. Nb4 Rxc3) 23. Rd2 $1 $18 (23. Nxc7 $2 {loses.} Rb1+ $19 (23... Rxc3 24. Rd2 $16) (23... Rxc3 $2 24. Rd2 $16)) 23... Bc4 24. Nxc7 Rxc3 25. e4 Rd8 26. d5 a6 27. d6 f6 28. Rb1 Rd7 29. Rb6 Bb3 (29... Ra3 {is a better defense.} 30. Nxa6 Bxa6 31. Rxa6 Kg8) 30. Nxa6 {[%emt 0:00:37] White is clearly winning.} ({Weaker is} 30. Rxa6 Rc1+ 31. Kf2 Rcxc7 $11) 30... Bxa4 31. Rd4 Rc6 32. Rxc6 Bxc6 33. Nb8 {[%emt 0:00:01][%csl LRc6,LRd7] Weighted Error Value: White=0.10 (very precise) /Black=0.34.  Mistake:       	White=1     	Black=3      Inaccurate:     	White=1     	Black=2      OK:         	White=14    	Black=12     Best:        	White=2     	---        Strong:       	White=1     	---} 1-0

[Event "American Cup Women Elimination 2024"]
[Site "Saint Louis"]
[Date "2024.03.16"]
[Round "2.3"]
[White "Tang, Zoey"]
[Black "Tokhirjonova, Gulrukhbegim"]
[Result "0-1"]
[ECO "D45"]
[WhiteElo "2253"]
[BlackElo "2365"]
[Annotator "TA"]
[PlyCount "120"]
[EventDate "2024.03.11"]
[EventType "k.o."]
[EventCountry "USA"]
[SourceTitle "playchess.com"]
[Source "ChessBase"]
[SourceQuality "1"]
[TimeControl "1500+10"]

1. d4 Nf6 2. c4 e6 3. Nf3 d5 4. Nc3 c6 5. e3 Nbd7 6. Qc2 Bd6 7. b3 O-O 8. Bb2 b6 9. Bd3 Bb7 10. O-O Qe7 11. Rad1 Rac8 12. Rfe1 Rfd8 13. e4 dxe4 14. Nxe4 Nxe4 15. Bxe4 Nf8 16. h4 h6 17. h5 a5 (17... Nd7 $11) 18. Qc1 a4 19. Bb1 axb3 20. axb3 Ra8 21. Qe3 Ra5 (21... Bb4 $11 {keeps the balance.}) 22. c5 $1 $16 Bc7 23. b4 Ra4 24. Qc3 Rd5 (24... f6 $16) 25. Be4 $1 $18 Qd8 26. Bxd5 Qxd5 (26... exd5 $142 27. Ra1 Rxa1 28. Rxa1 Bb8) 27. Ne5 (27. Ra1 $142 b5 28. Rxa4 bxa4 29. Ra1) 27... f6 $18 28. Nf3 (28. cxb6 $18 Bd6 29. Qc2) 28... Qxh5 29. Ra1 b5 (29... Rxa1 $16 {is a better defense.} 30. Rxa1 (30. Bxa1 Qg4 $16) 30... Qe8) 30. Qb3 (30. Rxa4 $18 {Ra7 is the strong threat.} bxa4 31. Qd3) 30... Qg4 $2 (30... Rxa1 $16 {was called for.} 31. Rxa1 (31. Bxa1 Qg4 $16) 31... Bb8) 31. Rxa4 $18 bxa4 32. Qa2 $2 (32. Qxa4 $18 Ng6 33. Bc1) 32... Kh8 $2 (32... Ba6 $1 $11) 33. Bc1 (33. Qxa4 $18 {Qa7 would now be deadly.} Ng6 34. Bc1) 33... h5 $16 34. Qe2 f5 $2 (34... Kg8 $16 35. Qd3 Ng6) 35. Ne5 $2 (35. d5 $18 {and the rest is easy.} Bc8 36. d6 (36. dxc6 Qxb4 37. Bb2 Ng6 $18)) 35... Qxe2 $16 36. Rxe2 Ba6 37. Re3 ({White should play} 37. Ra2 Bb5 38. Bf4) 37... Bb5 38. Rh3 g6 (38... Kg8 $16 {keeps fighting.}) 39. Nd3 $1 $18 Kg7 40. Nb2 $1 e5 41. Ra3 (41. d5 $1 $16 {[%cal Rd5d6] Black must now prevent d6.} cxd5 42. Ra3) 41... exd4 $14 42. Nxa4 Ne6 43. Nb2 ({White should try} 43. Nb6 $1 $14) 43... Kf6 44. g3 {[%emt 0:00:14] [#]} (44. Nd3 $11) 44... g5 (44... f4 $1 $17 45. Kg2 g5) 45. Kg2 {[%emt 0:00:06] [#]} (45. Nd3 $11) 45... f4 $1 $17 46. Nd3 (46. Ra8 $15) 46... Kf5 $17 47. Ne1 g4 48. gxf4 $2 (48. Kg1) 48... Bxf4 $19 49. Bxf4 Nxf4+ (49... Kxf4 50. Kh2 $17) 50. Kh2 h4 51. Ra8 d3 52. Ng2 (52. Rf8+ $142 Ke5 53. Re8+ Kd4 54. Nxd3 Nxd3 (54... Kxd3 $2 55. Rg8 $19) 55. Rh8) 52... Nxg2 $19 53. Kxg2 Ke4 54. Rd8 Bc4 55. f3+ gxf3+ 56. Kf2 h3 57. Re8+ Kd4 58. Ke1 Kc3 59. Rd8 h2 60. Rh8 d2+ (60... Kxb4 61. Rxh2 Kc3 (61... Kxc5 62. Kd2 $11) 62. Rf2 $11) 0-1

[Event "American Cup Women Elimination 2024"]
[Site "Saint Louis"]
[Date "2024.03.16"]
[Round "2.4"]
[White "Paikidze, Nazi"]
[Black "Yu, Jennifer"]
[Result "0-1"]
[ECO "E16"]
[WhiteElo "2319"]
[BlackElo "2279"]
[Annotator "RC"]
[PlyCount "158"]
[EventDate "2024.03.11"]
[EventType "k.o."]
[EventCountry "USA"]
[SourceTitle "playchess.com"]
[Source "ChessBase"]
[SourceQuality "1"]
[TimeControl "1500+10"]

1. d4 d5 2. c4 e6 3. Nf3 Nf6 4. g3 Bb4+ 5. Nbd2 O-O 6. Bg2 b6 7. Ne5 Bb7 8. O-O Nbd7 9. Nxd7 Qxd7 10. Nf3 Bd6 11. Ne5 Qc8 12. Qc2 c5 13. e3 cxd4 14. exd4 dxc4 15. Bxb7 Qxb7 16. Nxc4 Be7 17. Qe2 Rfd8 18. Be3 Rac8 19. Ne5 Qe4 20. Rac1 Nd5 21. Qf3 Qxf3 22. Nxf3 Nb4 23. Bd2 Nc6 24. Be3 Bf6 25. Rfd1 h6 26. Kg2 Ne7 27. Bf4 Rxc1 28. Rxc1 Bxd4 29. Rd1 Nc6 30. Rc1 Bc5 31. a3 a5 32. Bc7 Rc8 33. Bf4 f6 34. Bd2 Rd8 35. Be3 Rd5 36. Kf1 e5 37. Ke2 e4 38. Nd2 f5 39. Nb3 Bxe3 40. Rxc6 Bc5 41. Nxc5 bxc5 42. Rb6 c4 43. a4 Rd3 44. Rb5 Rb3 45. Rxa5 Rxb2+ 46. Ke3 Rb3+ 47. Ke2 g6 48. Rc5 c3 49. a5 Ra3 50. a6 Rxa6 51. Rxc3 Kf7 52. h4 Ke6 53. Rc8 Ke5 54. Rh8 g5 55. hxg5 hxg5 56. Rg8 Ra2+ 57. Kf1 Kf6 58. Rf8+ Kg6 59. Rh8 f4 60. gxf4 gxf4 61. Re8 Kf5 62. Ke1 Rb2 63. Re7 Rb4 64. Ke2 f3+ 65. Ke1 Rb1+ 66. Kd2 Rb2+ 67. Ke1 Re2+ 68. Kf1 Ra2 69. Ke1 Ra1+ 70. Kd2 Rf1 71. Ke3 Re1+ 72. Kd4 Rd1+ 73. Kc3 Rf1 74. Kd4 Rd1+ 75. Kc3 Kf4 76. Rf7+ Kg4 77. Re7 Kh3 78. Rg7 e3 79. fxe3 f2 0-1

[Event "American Cup Women Elimination 2024"]
[Site "Saint Louis"]
[Date "2024.03.16"]
[Round "2.5"]
[White "Paikidze, Nazi"]
[Black "Yu, Jennifer"]
[Result "1-0"]
[ECO "A30"]
[WhiteElo "2319"]
[BlackElo "2279"]
[Annotator "TA"]
[PlyCount "93"]
[EventDate "2024.03.11"]
[EventType "k.o."]
[EventCountry "USA"]
[SourceTitle "playchess.com"]
[Source "ChessBase"]
[SourceQuality "1"]
[TimeControl "600+5"]

1. Nf3 d5 2. b3 Nf6 3. Bb2 g6 4. e3 Bg7 5. Be2 O-O 6. O-O c5 7. c4 e6 8. d4 Ne4 9. Nbd2 b6 {[%emt 0:00:28] White has an edge.} 10. Qc2 Nxd2 11. Qxd2 dxc4 12. bxc4 Bb7 13. Rfd1 Nd7 14. d5 {[%emt 0:00:16] Bxg7 would now be deadly.} exd5 15. Bxg7 Kxg7 16. cxd5 Qf6 17. Bb5 Rad8 18. e4 Ne5 19. Nxe5 (19. Ne1 $14) 19... Qxe5 $11 20. Re1 f5 21. f4 Qd4+ 22. Qxd4+ cxd4 23. Rad1 fxe4 24. Rxd4 Rxd5 25. Rxd5 (25. Rexe4 $1 $11 Rxb5 26. Re7+ Rf7 27. Rxf7+ Kxf7 28. Rd7+ Kf6 29. Rxb7) 25... Bxd5 {[%emt 0:00:04][%mdl 4096] Endgame. KRB-KRB} 26. g3 Rf7 (26... Bxa2 27. Ra1 Bd5 28. Rxa7+ Rf7 29. Rxf7+ Kxf7 (29... Bxf7 30. Kf2 $15) 30. Kf2 $11) 27. a3 Rc7 28. Rd1 Rc5 29. Be2 (29. a4 $17 {keeps fighting.}) 29... Kf6 30. Kf2 Ke6 31. Rd4 (31. a4 {was worth a try.}) 31... Rc2 32. Ke1 Kd6 33. Rd2 Rc1+ 34. Kf2 Rc3 {[%emt 0:00:05] White must now prevent ...e3+.} 35. Ke1 Kc5 ({Don't do} 35... Rxa3 36. Bc4 Ra5 37. Bxd5 Rxd5 38. Ra2 $19) 36. a4 Bc4 (36... e3 $142 37. Rd3 Rc1+ 38. Rd1 Rxd1+ 39. Bxd1 Kd4) 37. Bxc4 $19 Kxc4 {[%emt 0:00:04] KR-KR} 38. Rd7 a5 39. Ke2 Rc2+ ({Black should try} 39... Kb4 $1 $19 40. Rd6 b5 (40... Kxa4 41. Rxb6 Ka3 42. Kd2 $15) 41. axb5 Kxb5) 40. Ke3 $17 {[%emt 0:00:04] [#]} Rxh2 (40... Kb4 $1 $17 41. Rd4+ Kc5) 41. Kxe4 {[#]} (41. g4 $1 $11 {was the only way to keep the balance.}) 41... Kb3 (41... Kb4 $1 $17 42. Rb7 Re2+ (42... Kxa4 43. Rxb6 Rh3 44. Kf3 $11) 43. Kf3 Re6 44. Rxh7 Kxa4) 42. Rb7 (42. Rd6 $11 {remains equal.}) 42... Kxa4 ({Better is} 42... Re2+ $17 43. Kf3 Re6 44. Rxh7 Rc6 (44... Kxa4 $2 45. Rh4 $19)) 43. Rxb6 $11 {[%emt 0:00:03] The position is equal.} Ka3 {[%emt 0:00:05] ...Re2+ is the strong threat.} 44. g4 a4 45. f5 gxf5+ 46. gxf5 Ka2 47. Kf4 {[%emt 0:00:10][%mdl 32768] And White is the lucky defender.   Weighted Error Value: White=0.28 (precise) /Black=0.30.  Mistake:       	White=6     	Black=5      Inaccurate:     	White=1     	Black=3      OK:         	White=12    	Black=15     Best:        	White=5     	Black=1     . Sensor Board Error (Ke4/e5)?} 1-0

[Event "American Cup Women Elimination 2024"]
[Site "Saint Louis"]
[Date "2024.03.16"]
[Round "2.6"]
[White "Yu, Jennifer"]
[Black "Paikidze, Nazi"]
[Result "1-0"]
[ECO "E90"]
[WhiteElo "2279"]
[BlackElo "2319"]
[Annotator "TA"]
[PlyCount "169"]
[EventDate "2024.03.11"]
[EventType "k.o."]
[EventCountry "USA"]
[SourceTitle "playchess.com"]
[Source "ChessBase"]
[SourceQuality "1"]
[TimeControl "600+5"]

1. d4 Nf6 2. c4 d6 3. Nc3 Nbd7 4. e4 g6 5. Nf3 Bg7 6. Bd3 e5 7. O-O O-O 8. Bc2 c6 9. b3 Re8 (9... exd4 $11 10. Nxd4 d5) 10. Bb2 {[%emt 0:00:08] Weiß steht etwas besser.} Nh5 11. Ne2 exd4 12. Bxd4 Ne5 13. Nxe5 dxe5 14. Bc5 (14. Be3 $11) 14... b6 (14... Qg5 $1 $17 {Weiss muss nun ...Nf4 beachten.} 15. Kh1 Rd8) 15. Bd6 (15. Qxd8 $11 {hält das Gleichgewicht.} Rxd8 16. Be3) 15... Bb7 16. c5 Qd7 ({Besser ist} 16... bxc5 $15 17. Bxc5 Ba6) 17. b4 {[%emt 0:00:14] [#]} Nf4 18. Nxf4 $14 exf4 19. Bxf4 Qe6 {[%emt 0:00:11] [#]} 20. e5 Rad8 21. Qf3 Rd4 22. Rad1 Red8 (22... bxc5 $1 $14 23. Bb3 (23. bxc5 Bxe5 24. Bb3 Qf5 $14) 23... Qf5) 23. Rxd4 Rxd4 24. cxb6 (24. Bb3 $18 Qf5 25. Be3 Qxf3 26. gxf3 bxc5 (26... Rxb4 $2 27. Rd1 $18) 27. Bxd4 (27. bxc5 Rd8 $18) 27... cxd4 28. f4) 24... axb6 $16 25. a3 (25. Bb3 $16 Qd7 (25... Qf5 26. Be3 $14) 26. Qe3) 25... Bxe5 $11 26. Bb3 (26. Bxe5 $11 Qxe5 27. b5 Qxb5 28. Re1) 26... Rxf4 $15 27. Bxe6 (27. Qxf4 $15 Bxf4 (27... Qxb3 $2 28. Qxe5 Ba6 29. Re1 $18) 28. Bxe6 fxe6 29. Rd1) 27... Rxf3 $19 28. gxf3 {[%emt 0:00:04][%cal Of1d1] Droht Rd1! und aus.} fxe6 29. Re1 Bb2 (29... Bf6 $19 {...Kf7 ist eine echte Drohung.} 30. Rd1 c5) 30. Rxe6 (30. Rd1 $17 {war erzwungen.} Ba6 (30... Bxa3 31. Rd8+ Kg7 32. Rd7+ Kf6 33. Rxb7 $16) 31. a4) 30... Bxa3 $4 (30... Kf7 $19 {vermeidet das Desaster.} 31. Re1 Bc3 (31... Bxa3 32. Ra1 $11)) 31. Re7 $18 Ba6 32. Ra7 Bxb4 33. Rxa6 {[%emt 0:00:04][%mdl 4096] Endspiel. KR-KB} Bc5 34. Kf1 Bd4 35. Ra7 ({Vorzuziehen ist} 35. Ke2 $18) 35... c5 (35... b5 $16 {war einen Versuch wert.} 36. Rb7 g5) 36. Rb7 c4 37. Ke2 Bc5 38. f4 Bd4 (38... Bd6 $142 39. Kf3 (39. Rxb6 Bxf4 40. h3 c3 $16) 39... Bc5) 39. Kf3 Bc5 {[%emt 0:00:07] [#]} 40. Rc7 $1 Kh8 41. Ke4 c3 42. Kd3 Bxf2 43. Rxc3 ({Jedoch nicht} 43. Kxc3 $6 Be3 $16) 43... Bc5 44. Ke4 Kg7 45. Rd3 Kf6 $2 (45... Bb4 46. Rd7+ Kh6) 46. Rd7 h5 47. h3 {[%emt 0:00:05] Droht stark Rc7.} Ke6 $2 (47... g5 48. Rd5 gxf4 49. Kxf4 (49. Rxh5 Kg6 $18) 49... h4) 48. Rg7 Kf6 49. Rc7 Ke6 50. Rc6+ Kf7 51. Ke5 Kg7 52. Rc7+ Kh6 53. Rb7 (53. Kf6 $142 Bd4+ 54. Kf7) 53... Be3 54. Rc7 $2 (54. Rd7 $18 {Und Rd3 würde nun gewinnen.} Bf2 55. Rd6) 54... Bf2 $2 (54... Bc5 $11) 55. Rc6 (55. Kf6 $142 Bh4+ 56. Kf7) 55... Kg7 56. Ke6 {[%emt 0:00:05] Und jetzt Rc7+ wäre schön.} Be3 57. Rc7+ Kh6 58. Rf7 Bd4 59. Kd5 Be3 60. Rf6 $2 ({Günstiger ist} 60. Ke4 $18 Bf2 61. Rd7) 60... Kg7 $1 $11 61. Ke6 $2 (61. Rc6 $11) 61... Bd4 $1 $18 62. Rf7+ Kh6 {[%emt 0:00:04] Weiß verwandelt nun seinen Vorteil.} 63. Rf8 {[%emt 0:00:05] Droht Matt per Kf7.} Kg7 64. Rc8 Be3 65. Rc7+ Kh6 $1 66. f5 gxf5 67. Kxf5 Bc5 {[%emt 0:00:07] Es drohte Re7} 68. h4 {[%emt 0:00:07] Weiß setzt Matt.} Bf2 69. Rc6+ Kg7 70. Kg5 Bd4 71. Kxh5 Be3 72. Kg4 Kh7 73. Kf5 Kg7 74. Re6 Bd4 75. Kg5 Bc5 76. h5 Kh7 77. h6 Bb4 78. Rxb6 Bd2+ 79. Kh5 Be3 80. Rb7+ Kg8 81. Kg6 Bf4 82. Rd7 Kf8 83. h7 Be5 84. Rd8+ Ke7 85. h8=Q {[%emt 0:00:05] Gewichteter Fehlerwert: Weiß=0.57/Schwarz=0.77.  Verlustzug:     	---       	Schwarz=1     Gewinn verpasst:   	---       	Schwarz=1     Fehler:       	Weiß=9     	Schwarz=9     Ungenau:       	Weiß=4     	Schwarz=4     OK:         	Weiß=10    	Schwarz=9     Bester:       	Weiß=5     	Schwarz=7     Stark:        	---       	Schwarz=1} ({Minderwertig wäre} 85. h8=B Kxd8 $11) 1-0

[Event "American Cup Women Elimination 2024"]
[Site "Saint Louis"]
[Date "2024.03.16"]
[Round "2.7"]
[White "Yu, Jennifer"]
[Black "Paikidze, Nazi"]
[Result "1-0"]
[ECO "D38"]
[WhiteElo "2279"]
[BlackElo "2319"]
[Annotator "TA"]
[PlyCount "69"]
[EventDate "2024.03.11"]
[EventType "k.o."]
[EventCountry "USA"]
[SourceTitle "playchess.com"]
[Source "ChessBase"]
[SourceQuality "1"]
[TimeControl "600+5"]

1. d4 Nf6 2. c4 e6 3. Nf3 Bb4+ 4. Nc3 d5 5. Bg5 h6 6. Bxf6 Qxf6 7. Qb3 c5 8. e3 O-O 9. Be2 (9. cxd5 {simplifies} exd5 10. dxc5 Bxc3+ 11. Qxc3 Qxc3+ 12. bxc3 Nd7 13. Rd1) 9... dxc4 (9... cxd4 {simplifies} 10. Nxd4 Bxc3+ 11. Qxc3 dxc4 12. Bxc4 b6) 10. Qxc4 (10. Bxc4 {simplifies} cxd4 11. Nxd4 Bxc3+ 12. Qxc3 Bd7 13. Nb5) 10... b6 {[%emt 0:00:14] The position is equal.} 11. O-O Ba6 {[%emt 0:00:07] [#]} (11... Bb7 $11) 12. Nb5 $1 $16 Nc6 $2 (12... Ba5 $16) 13. a3 $18 Ba5 {[%emt 0:00:24] [#]} 14. b4 $1 cxb4 (14... Nxb4 15. axb4) 15. Qxc6 Rac8 16. Qe4 b3 17. Bd3 g6 18. Nxa7 Bxd3 19. Qxd3 Rc3 20. Qe4 b2 21. Rab1 Rxa3 22. Rxb2 Rc3 23. Ne5 Qf5 24. Qxf5 gxf5 25. Nb5 {[%emt 0:00:20] Wards off Rc7} Rcc8 26. Nd6 Rc7 27. Ndc4 f6 28. Nxa5 fxe5 29. Rxb6 exd4 30. exd4 Kf7 31. Nc6 Rfc8 32. Ne5+ Kf6 33. f4 {[%emt 0:00:09] d5 is the strong threat.} Rd8 34. Rd1 {[%emt 0:00:05] And now d5 would win.} Rc2 35. Rb7 {[%emt 0:00:06] Black did not feel at home in the position after the opening.   Weighted Error Value: White=0.15 (very precise) /Black=0.52.  Loses game:     	---       	Black=1      Mistake:       	---       	Black=1      Inaccurate:     	---       	Black=1      OK:         	White=10    	Black=6      Best:        	White=1     	---        Strong:       	White=1     	---        Brilliant:      	White=1     	---} 1-0

[Event "American Cup Women Elimination 2024"]
[Site "Saint Louis"]
[Date "2024.03.16"]
[Round "2.8"]
[White "Paikidze, Nazi"]
[Black "Yu, Jennifer"]
[Result "1-0"]
[ECO "A06"]
[WhiteElo "2319"]
[BlackElo "2279"]
[Annotator "TA"]
[PlyCount "70"]
[EventDate "2024.03.11"]
[EventType "k.o."]
[EventCountry "USA"]
[SourceTitle "playchess.com"]
[Source "ChessBase"]
[SourceQuality "1"]
[TimeControl "600+5"]

1. Nf3 d5 2. b3 Nf6 3. Bb2 g6 4. e3 Bg7 5. c4 e6 6. Nc3 O-O 7. d4 b6 8. Be2 {[%emt 0:00:06] The position is equal.} Bb7 9. O-O Nbd7 10. Rc1 Ne4 11. Nxe4 dxe4 12. Nd2 c5 13. Qc2 cxd4 14. exd4 f5 15. Rfd1 (15. c5 $11) 15... Qg5 16. Nf1 $2 (16. d5 $15) 16... f4 $19 17. d5 f3 (17... exd5 18. h4 Qxh4 19. Bxg7 Kxg7 20. cxd5 $17) 18. Bxf3 exf3 19. Ng3 (19. g3 $142 e5 (19... exd5 $2 20. Bxg7 Kxg7 21. cxd5 $19) 20. Ba3) 19... exd5 20. Bxg7 Kxg7 21. cxd5 Rac8 {[%emt 0:00:20] Repels Qc7} 22. Qb2+ Qf6 23. Qd2 fxg2 24. Rxc8 Rxc8 25. Ne4 Qe5 26. Ng5 Nf8 27. Re1 Qf6 (27... Qxd5 $19 28. Qe3 Kg8) 28. d6 $2 (28. Ne4 $1 $15 Qe5 29. Nc3 Qxc3 30. Re7+ Kf6 31. Qxc3+ Rxc3 32. Rxb7) 28... h6 (28... Rd8 $142 29. Ne4 (29. Re7+ $2 Qxe7 30. dxe7 Rxd2 $19) 29... Bxe4 30. Rxe4 Rxd6) 29. Re7+ Kg8 30. Nf7 {[%emt 0:00:25] Prevents Qxd6} Qa1+ 31. Re1 {[%emt 0:00:06] [#]} Qxe1+ $4 32. Qxe1 $18 Kxf7 {[%emt 0:00:04] [#]} 33. f3 $4 Re8 $2 (33... Bxf3 $19 {is more deadly. And now ...Ne6 would win.} 34. Qe3 Bd5) 34. Qc3 Rc8 {[%emt 0:00:08] Dodges Qc7+} (34... Rd8 $17 35. Qd2 Ne6 (35... Bxf3 36. Qf4+ Kg7 37. Qe5+ Kg8 38. Qf6 $11) 36. Kxg2 Ba8) 35. Qd2 (35. Qe1 $1 $11 {was the only way to keep the balance.} Bxf3 (35... Re8 36. Qc3 $17) 36. Qd2) 35... Rc6 $2 {[%emt 0:00:03][%mdl 8192] Weighted Error Value: White=0.83/Black=0.90.  Loses game:     	White=2     	Black=1      Missed win:     	White=1     	Black=2      Mistake:       	White=3     	Black=2      Inaccurate:     	White=1     	Black=1      OK:         	White=9     	Black=12     Best:        	White=3     	Black=2} (35... Bxf3 36. Qf4+ (36. Qxh6 $2 {loses.} Rc5 $19) 36... Ke6 37. Qxf3 Kxd6 38. Qf6+ (38. Qxg2 $2 Rc1+ 39. Kf2 Rc2+ 40. Kg3 Rxg2+ $19) (38. Kxg2 Ne6 $16) 38... Kd5 39. Qg7 $16 (39. Kxg2 Ne6 $16)) (35... Ne6 $17 {keeps the pressure on.} 36. Kxg2 h5) 1-0

[Event "American Cup Women Elimination 2024"]
[Site "Saint Louis"]
[Date "2024.03.16"]
[Round "2.9"]
[White "Paikidze, Nazi"]
[Black "Yu, Jennifer"]
[Result "1/2-1/2"]
[ECO "E06"]
[WhiteElo "2319"]
[BlackElo "2279"]
[Annotator "TA"]
[PlyCount "94"]
[EventDate "2024.03.11"]
[EventType "k.o."]
[EventCountry "USA"]
[SourceTitle "playchess.com"]
[Source "ChessBase"]
[SourceQuality "1"]
[TimeControl "600+5"]

1. d4 d5 2. Nf3 Nf6 3. g3 e6 4. Bg2 c5 5. c4 Nc6 6. cxd5 Nxd5 7. O-O Be7 8. e4 Nf6 9. e5 Nd5 10. dxc5 Bxc5 11. a3 O-O 12. b4 Be7 13. Bb2 b6 14. Nbd2 (14. Qe2 $14) 14... Bb7 15. Ne4 {[%emt 0:00:05] White is slightly better.} h6 (15... b5 $14) 16. Qe2 (16. Nfd2 $16) 16... a5 (16... Qb8 $14) 17. b5 $16 Nb8 18. Rac1 Nd7 19. Rfd1 {[%emt 0:00:28] White is more active.} Nc5 20. Nxc5 Bxc5 21. Nd4 (21. Nd2 $14) 21... Qe7 $11 22. Nf5 exf5 $15 23. Bxd5 Bxd5 24. Rxd5 Bxa3 25. Rc6 Bxb2 26. Qxb2 a4 27. Rxb6 a3 28. Qa2 Qb4 29. Rd2 {[%emt 0:00:14][%mdl 8192] [#] Against Qb2} (29. Rc6 $17) 29... Rad8 $2 (29... Qxd2 $19 30. Qxd2 a2) 30. Rbd6 Rc8 31. Rc6 (31. e6 $11) 31... Qxb5 $17 32. Rxc8 Rxc8 33. Qxa3 Qxe5 {[%emt 0:00:05][%mdl 4096] Endgame. KQR-KQR} ({Reject} 33... Qb1+ 34. Kg2 $11) 34. Rd1 {[%emt 0:00:10] Prevents Qe1+.} Qe2 35. Qd3 Re8 36. Qxe2 Rxe2 $15 {[%emt 0:00:04] KR-KR} 37. Kg2 g5 ({Black should play} 37... g6 $15) 38. Rd5 $1 $11 {[%emt 0:00:06] The position is equal.} f4 39. gxf4 gxf4 40. Rf5 Kg7 41. Rxf4 Kg6 42. Kf3 Ra2 43. Rg4+ Kf6 44. Rf4+ Kg6 45. Rg4+ Kf6 46. Rf4+ Kg6 47. Rg4+ Kf6 {[%emt 0:00:03] Weighted Error Value: White=0.41/Black=0.41.  Loses game:     	White=1     	---        Missed win:     	---       	Black=1      Mistake:       	White=5     	Black=3      Inaccurate:     	White=2     	Black=2      OK:         	White=9     	Black=10     Best:        	White=2     	Black=3      Strong:       	White=1     	---} 1/2-1/2